 Dungeon Crawl Stone Soup version 0.20-a0-51-g027d3fc (webtiles) character file.

98768 sveltemanboy the Bludgeoner (level 15, -14/97 HPs)
             Began as a Demonspawn Fighter on Nov 14, 2016.
             Was the Champion of Hepliaklqana.
             Killed from afar by a deep elf mage (30 damage)
             ... with a bolt of lightning
             ... on level 1 of the Elven Halls on Nov 15, 2016.
             The game lasted 01:11:34 (26560 turns).

sveltemanboy the Bludgeoner (Demonspawn Fighter)   Turns: 26560, Time: 01:11:35

Health: -14/97     AC: 23    Str: 25    XL:     15   Next: 75%
Magic:  25/25      EV: 12    Int: 12    God:    Hepliaklqana [******]
Gold:   2189       SH:  0    Dex: 15    Spells: 0 memorised, 14 levels left

rFire  + . .     SeeInvis .     a - +4 great mace
rCold  . . .     Gourm    .     y - +3 chain mail {rPois}
rNeg   . . .     Faith    .     (shield currently unavailable)
rPois  +         Spirit   .     (helmet unavailable)
rElec  .         Reflect  +     H - +1 cloak
rCorr  +         Harm     .     N - +0 pair of gloves
MR     +++..                    G - +0 pair of boots
Stlth  +.........               x - +4 amulet of reflection
                                s - ring of Foolhardiness {rCorr rF+ MR++ Dex+2}
                                v - ring of Zipsipax {+Inv AC+2 Str+3 Int+2}

@: confused
A: reduced essence, horns 3, icy blue scales 2, nightstalker 3, spiny 2
a: Recall Ancestor, Ancestor Identity, Transference, Idealise, Renounce
Religion, Evoke Invisibility


You were on level 1 of the Elven Halls.
You worshipped Hepliaklqana.
Hepliaklqana was exalted by your worship.
You were not hungry.

You visited 4 branches of the dungeon, and saw 21 of its levels.
You also visited: Labyrinth and Volcano.

You collected 2571 gold pieces.
You spent 382 gold pieces at shops.

Inventory:

Hand Weapons
 a - a +4 great mace (weapon)
Armour
 y - a +3 chain mail of poison resistance (worn)
 G - a +0 pair of boots (worn)
 H - a +1 cloak (worn)
 N - a +0 pair of gloves (worn)
Rods
 j - a +9 rod of shadows (10/10)
   (You took it off a minotaur in a labyrinth)
Jewellery
 s - the ring of Foolhardiness (right hand) {rCorr rF+ MR++ Dex+2}
   (You found it on level 6 of the Lair of Beasts)

   [ring of resist corrosion]

   It affects your dexterity (+2).
   It protects you from fire.
   It affects your resistance to hostile enchantments.
 v - the ring of Zipsipax (left hand) {+Inv AC+2 Str+3 Int+2}
   (You found it on level 4 of the Dungeon)

   [ring of protection]

   It affects your AC (+2).
   It affects your strength (+3).
   It affects your intelligence (+2).
   It lets you turn invisible.
 x - a +4 amulet of reflection (around neck)
Wands
 o - a wand of polymorph (9/24)
 q - a wand of iceblast (8/15)
 t - a wand of paralysis (17/24)
 u - a wand of disintegration (11/24)
 A - a wand of confusion (22/48)
 C - a wand of iceblast (5/15)
 L - a wand of iceblast (7/15)
 O - a wand of paralysis (15/24)
Scrolls
 d - a scroll of fear
 e - a scroll of enchant weapon
 n - 3 scrolls of recharging
 B - 3 scrolls of enchant armour
 F - 2 scrolls of identify
 M - 7 scrolls of remove curse
Potions
 b - a potion of cure mutation
 m - a potion of agility
 z - 2 potions of magic
 D - 8 potions of curing
 E - 3 potions of brilliance
 I - 2 potions of might
 K - a potion of flight
Books
 i - a book of the Earth

   Spells                             Type                      Level
   a - Leda's Liquefaction            Hexes/Earth                  4
   b - Bolt of Magma                  Conjuration/Fire/Earth       5
   c - Statue Form                    Transmutation/Earth          6
   d - Iron Shot                      Conjuration/Earth            6
   e - Shatter                        Earth                        9
Comestibles
 c - 2 slices of pizza
 f - 17 bread rations
 g - 7 beef jerkies
 h - a chunk of flesh
 k - 5 fruits
 l - 10 meat rations


   Skills:
 - Level 7.1 Fighting
   Level 2.2(12.2) Axes
 * Level 17.7(17.8) Maces & Flails
 - Level 7.0 Armour
 - Level 6.0 Dodging
   Level 2.6 Shields
 + Level 11.1 Invocations
 + Level 13.8 Evocations


You had 14 spell levels left.
You didn't know any spells.

Dungeon Overview and Level Annotations

Branches:
Dungeon (12/15)            Temple (0/1) D:5            Lair (6/6) D:9
  Swamp (0/4) Lair:3       Spider (0/4) Lair:4        Slime (0/5) Lair:5
    Orc (2/2) D:12            Elf (1/3) Orc:2

Altars:
Ashenzari
Dithmenos
Fedhas
Gozag
Hepliaklqana
Kikubaaqudgha
Nemelex Xobeh
Okawaru
Qazlal
Sif Muna
Uskayaw
Xom
Yredelemnul
Zin
Jiyva

Shops:
D:7 [   D:10 !   Orc:2 (::[


Innate Abilities, Weirdness & Mutations

You have a pair of large horns on your head.
You are mostly covered in icy blue scales. (AC +3)
You are completely attuned to the shadows.
You are mostly covered in sharp spines.
Your life essence is reduced. (-10% HP)


Message History

The earth elemental hits Teicuih.
Teicuih casts a spell at the earth elemental.
The stone arrow hits the earth elemental.
The deep elf mage hits Teicuih but does no damage.
Things that are here:
a long sword; a potion of curing You catch the helpless earth elemental completely off-guard!
You thump the earth elemental!
You destroy the earth elemental!
The deep elf mage casts a spell at you. The bolt of lightning hits you!
* * * LOW HITPOINT WARNING * * *
Teicuih hits the deep elf mage with a quarterstaff!!
You are confused.
You feel invigorated. The deep elf mage casts a spell at you.
The bolt of magma misses Teicuih.
The bolt of magma hits you! The deep elf mage casts a spell at you.
The bolt of lightning hits you!
You die...

.....### .......# .......# ##
.......##########.
....P.....'........'.
.......e..##########. ..........#
#. ......e...# #. #...@R..### #
###)..'## # #####.## ## #######
##.## ##. ##.....## ##.## ###
##.# #.......## ##.###.###R##
.........# ##'.....'## .........#
#.........#
<...8....#############....(.)..##


You could see the friendly Teicuih the battlemage and 2 deep elf magi.

Vanquished Creatures
  Frances (Elf:1)
  Gastronok (Lair:1)
  Nessos (Lair:4)
  A dire elephant (Lair:6)
  A minotaur (Lab)
  Josephine (Lair:4)
  6 hydras
  Harold (D:10)
  A merfolk avatar (Lair:6)
  The ghost of Tux the Fighter, a novice FoFi of Qazlal (D:11)
  A centaur warrior (D:12)
  6 dancing weapons (Elf:1)
  5 death yaks
  3 orc high priests (Orc:2)
  Urug (D:10)
  5 deep elf knights (Elf:1)
  A hill giant (D:11)
  18 deep elf magi (Elf:1)
  2 deep elf archers (Elf:1)
  An oklob plant (Lair:2)
  6 orc knights
  A harpy (Lair:6)
  A manticore (Lair:6)
  A cyclops (D:12)
  7 black mambas
  A gargoyle (D:11)
  9 spiny frogs
  6 komodo dragons
  5 rime drakes
  5 polar bears
  2 trolls (D:12)
  4 jumping spiders (Lair:4)
  A hornet (D:9)
  A tyrant leech (Lair:3)
  A wind drake (Lair:6)
  A two-headed ogre (D:8)
  Prince Ribbit (D:6)
  11 hippogriffs
  A slime creature (D:12)
  10 blink frogs
  An air elemental (Elf:1)
  5 wraiths
  9 wyverns
  3 redbacks (Lair:4)
  A fire elemental (Elf:1)
  Grum (D:9)
  22 yaks
  Duvessa (D:7)
  A warg (Orc:2)
  A swamp worm (Lair:3)
  14 water moccasins
  5 porcupines
  2 slaves (D:7)
  24 orc warriors
  2 ice beasts
  7 sky beasts
  3 black bears
  11 ogres
  2 necrophages
  4 phantoms
  7 wolves
  14 crocodiles
  4 centaurs
  2 earth elementals (Elf:1)
  4 big kobolds
  10 bullfrogs
  3 gnoll sergeants (D:12)
  5 scorpions
  Dowan (D:7)
  3 killer bees (D:7)
  17 wights
  5 crimson imps
  3 human zombies (D:7)
  A quasit (D:8)
  2 bullfrog zombies
  4 hounds
  7 jellies
  14 orc priests
  3 centaur skeletons
  3 centaur zombies
  10 orc wizards
  4 bullfrog skeletons
  2 iguanas (D:4)
  Natasha (thrice) (D:2)
  6 worker ants
  2 human skeletons (D:7)
  2 hound skeletons
  12 adders
  9 gnolls
  2 shadow imps (D:8)
  2 oozes
  An adder skeleton (D:9)
  An adder zombie (D:9)
  A dart slug (D:4)
  5 leopard geckos
  68 orcs
  5 giant cockroaches
  6 hobgoblins
  8 jackals
  8 quokkas
  A ball python (D:1)
  5 bats
  4 frilled lizards
  5 goblins
  12 kobolds
  A leopard gecko skeleton (D:4)
  A leopard gecko zombie (D:6)
  An orc zombie (D:7)
  4 rats
  A fungus (Lair:2)
  2 plants (Lair:3)
558 creatures vanquished.

Vanquished Creatures (collateral kills)
  An ettin (Orc:2)
  Erolcha (D:11)
  4 hydras
  Erica (D:11)
  A death yak (Lair:5)
  2 orc high priests (Orc:2)
  A deep elf knight (Elf:1)
  A sea snake (Lair:6)
  A hill giant (D:10)
  Pikel (D:7)
  A deep elf archer (Elf:1)
  A cyclops (D:11)
  3 orc knights (Orc:2)
  An ugly thing (D:11)
  8 deep elf magi (Elf:1)
  An oklob plant (Lair:3)
  A black mamba (Lair:3)
  Joseph (D:8)
  4 spiny frogs
  2 komodo dragons
  A rime drake (Lair:4)
  A gargoyle (D:12)
  3 polar bears (Lair:6)
  4 trolls
  A tyrant leech (Lair:3)
  A two-headed ogre (D:9)
  A wind drake (Lair:6)
  2 slime creatures (Lair:5)
  3 blink frogs
  2 hippogriffs
  A spriggan (D:7)
  2 wyverns (Lair:6)
  8 yaks
  A wraith (Lair:4)
  A hungry ghost (D:7)
  A mottled dragon (D:11)
  A soldier ant (D:10)
  3 water moccasins
  A porcupine (Lair:1)
  15 orc warriors
  2 phantoms
  A slave (D:7)
  A necrophage (D:10)
  2 ogres
  A centaur (D:10)
  4 crocodiles
  A big kobold (D:12)
  A bullfrog (Lair:3)
  2 gnoll sergeants (D:12)
  A scorpion (D:9)
  A troll zombie (D:7)
  2 killer bees (D:7)
  2 electric eels (Lair:2)
  6 wights
  3 crimson imps
  A bullfrog zombie (D:8)
  A jelly (D:12)
  A human zombie (D:7)
  13 orc priests
  4 orc wizards
  2 bullfrog skeletons
  A human skeleton (D:7)
  A worker ant (D:11)
  A gnoll (D:12)
  2 adders (D:7)
  2 leopard geckos
  17 orcs
  2 quokkas (D:5)
  An orc zombie (D:7)
  2 plants
171 creatures vanquished.

Vanquished Creatures (others)
  8 battlemagi
  8 plants
16 creatures vanquished.

Grand Total: 745 creatures vanquished

Notes
Turn   | Place    | Note
-------+----------+-------------------------------------------
     0 | D:1      | sveltemanboy the Demonspawn Fighter began the quest for the Orb.
     0 | D:1      | Reached XP level 1. HP: 18/18 MP: 1/1
   124 | D:1      | Found a shattered altar of Ashenzari.
   464 | D:1      | Gained mutation: You are partially covered in sharp spines. [demonic ancestry]
   464 | D:1      | Reached XP level 2. HP: 16/24 MP: 2/2
  1070 | D:2      | Found a glowing silver altar of Zin.
  1149 | D:2      | Reached skill level 1 in Maces & Flails
  1149 | D:2      | Reached XP level 3. HP: 16/29 MP: 3/3
  1409 | D:2      | Reached skill level 1 in Dodging
  1453 | D:2      | Reached skill level 2 in Maces & Flails
  1453 | D:2      | Reached XP level 4. HP: 10/35 MP: 4/4
  1527 | D:2      | Noticed Natasha
  1535 | D:2      | Killed Natasha
  2040 | D:2      | Noticed Natasha
  2045 | D:2      | Killed Natasha
  2045 | D:2      | Gained mutation: You are slightly more attuned to the shadows. [demonic ancestry]
  2045 | D:2      | Reached XP level 5. HP: 37/41 MP: 5/5
  2066 | D:2      | Noticed Natasha
  2074 | D:2      | Killed Natasha
  2074 | D:2      | Reached skill level 3 in Maces & Flails
  3052 | D:4      | Reached skill level 4 in Maces & Flails
  3052 | D:4      | Gained mutation: You are partially covered in icy blue scales. (AC +2) [demonic ancestry]
  3052 | D:4      | Reached XP level 6. HP: 31/47 MP: 6/6
  3342 | D:4      | Got a crude amber ring
  3343 | D:4      | Identified the ring of Zipsipax {+Inv AC+2 Str+3 Int+2} (You found it on level 4 of the Dungeon)
  3741 | D:4      | Reached skill level 5 in Maces & Flails
  3741 | D:4      | Reached skill level 1 in Evocations
  3741 | D:4      | Gained mutation: You have a pair of small horns on your head. [demonic ancestry]
  3741 | D:4      | Reached XP level 7. HP: 43/52 MP: 7/7
  3755 | D:4      | Found a hazy altar of Hepliaklqana.
  4023 | D:4      | Became a worshipper of Hepliaklqana the Forgotten
  4102 | D:4      | Reached skill level 1 in Invocations
  4108 | D:4      | Reached skill level 6 in Maces & Flails
  4255 | D:4      | You fall through a shaft for 2 floors!
  4295 | D:5      | Entered Level 5 of the Dungeon
  4310 | D:5      | Found a stormy altar of Qazlal.
  4330 | D:5      | Gained mutation: You are mostly covered in icy blue scales. (AC +3) [demonic ancestry]
  4330 | D:5      | Reached XP level 8. HP: 45/52 MP: 10/10
  4506 | D:5      | Found a staircase to the Ecumenical Temple.
  4595 | D:5      | Reached skill level 7 in Maces & Flails
  4796 | D:4      | Reached * piety under Hepliaklqana
  5294 | D:5      | Found a deep blue altar of Sif Muna.
  5531 | D:6      | Noticed Prince Ribbit
  5541 | D:6      | Killed Prince Ribbit
  5541 | D:6      | Reached skill level 8 in Maces & Flails
  5541 | D:6      | Reached skill level 5 in Invocations
  5541 | D:6      | Gained mutation: You have a pair of horns on your head. [demonic ancestry]
  5541 | D:6      | Reached XP level 9. HP: 28/55 MP: 8/12
  5926 | D:6      | Reached skill level 5 in Evocations
  6075 | D:6      | Found a shadowy altar of Dithmenos.
  6280 | D:6      | Found a shadowy altar of Dithmenos.
  6282 | D:6      | Found a basalt altar of Yredelemnul.
  6282 | D:6      | Found a shattered altar of Ashenzari.
  6283 | D:6      | Found an opulent altar of Gozag.
  6284 | D:6      | Found a blossoming altar of Fedhas.
  6365 | D:7      | Reached ** piety under Hepliaklqana
  6366 | D:7      | Remembered your ancestor Teicuih as a battlemage
  6382 | D:7      | Noticed Dowan
  6383 | D:7      | Noticed Duvessa
  6390 | D:7      | Killed Dowan
  6418 | D:7      | Killed Duvessa
  6560 | D:7      | Reached skill level 9 in Maces & Flails
  6587 | D:7      | Found Tikloz's Armour Shop.
  6638 | D:7      | Found a hide-covered altar of Uskayaw.
  6755 | D:7      | Found an ancient bone altar of Kikubaaqudgha.
  7176 | D:7      | Noticed Pikel
  7190 | D:7      | Killed Pikel
  7190 | D:7      | Gained mutation: You are significantly more attuned to the shadows. [demonic ancestry]
  7190 | D:7      | Reached XP level 10. HP: 32/62 MP: 7/15
  7340 | D:7      | Found an iron altar of Okawaru.
  7387 | D:8      | Noticed Joseph
  7405 | D:8      | Killed Joseph
  7405 | D:8      | Reached skill level 10 in Maces & Flails
  7695 | D:8      | Found an ancient bone altar of Kikubaaqudgha.
  8370 | D:8      | Reached *** piety under Hepliaklqana
  8648 | D:9      | Got a scorched lead ring
  8662 | D:9      | Identified the ring of the Shining Light {rN+ Int+5} (You found it on level 9 of the Dungeon)
  8727 | D:9      | Found a staircase to the Lair.
  8747 | D:9      | Reached skill level 11 in Maces & Flails
  8958 | D:9      | Found a sparkling altar of Nemelex Xobeh.
  9132 | D:9      | Noticed Grum
  9141 | D:9      | Gained mutation: You are mostly covered in sharp spines. [demonic ancestry]
  9141 | D:9      | Reached XP level 11. HP: 49/68 MP: 12/17
  9143 | D:9      | Killed Grum
  9484 | D:10     | Entered Level 10 of the Dungeon
  9889 | D:10     | Noticed Urug
  9895 | D:10     | Noticed Harold
 10263 | D:10     | Killed Harold
 10424 | D:10     | Reached **** piety under Hepliaklqana
 10445 | D:10     | Noticed a hill giant
 10451 | D:10     | Killed a hill giant
 10451 | D:10     | Reached skill level 5 in Fighting
 10657 | D:10     | Found Vitofilo's Distillery.
 10670 | D:10     | Bought a potion of heal wounds for 65 gold pieces
 10670 | D:10     | Bought a potion of mutation for 32 gold pieces
 10890 | D:10     | Killed Urug
 10890 | D:10     | Reached skill level 12 in Maces & Flails
 11058 | D:11     | Noticed Erolcha
 11063 | D:11     | Killed Erolcha
 11136 | D:11     | Noticed an eight-headed hydra
 11148 | D:11     | Killed an eight-headed hydra
 11373 | D:11     | Noticed a hill giant
 11383 | D:11     | Killed a hill giant
 11400 | D:11     | Noticed Tux's ghost (novice FoFi)
 11431 | D:11     | Killed Tux's ghost
 11431 | D:11     | Reached skill level 5 in Armour
 11431 | D:11     | Gained mutation: You have a pair of large horns on your head. [demonic ancestry]
 11431 | D:11     | Reached XP level 12. HP: 52/76 MP: 16/19
 11719 | D:11     | Noticed Erica
 11728 | D:11     | Killed Erica
 12212 | D:11     | Reached skill level 13 in Maces & Flails
 12454 | D:12     | Found a labyrinth entrance.
 12458 | Lab      | Entered a labyrinth
 13203 | Lab      | Noticed a minotaur
 13215 | Lab      | Killed a minotaur
 13253 | D:12     | Found a viscous altar of Jiyva.
 13254 | D:12     | Reached ***** piety under Hepliaklqana
 13572 | D:12     | Reached skill level 10 in Evocations
 13928 | D:12     | Found a staircase to the Orcish Mines.
 14733 | D:12     | Noticed a centaur warrior
 14746 | D:12     | Killed a centaur warrior
 14953 | D:12     | Upgraded the game from 0.20-a0-46-g4a4b873 to 0.20-a0-51-g027d3fc
 15091 | Lair:1   | Entered Level 1 of the Lair of Beasts
 15209 | Lair:1   | Reached skill level 14 in Maces & Flails
 15451 | Lair:1   | Reached XP level 13. HP: 79/81 MP: 21/21
 15518 | Lair:1   | Noticed Gastronok
 15532 | Lair:1   | Killed Gastronok
 16523 | Lair:2   | Got a wavering tin ring
 16527 | Lair:2   | Identified the ring of the Pure Cities {*Contam Int+4 Dex+3} (You found it on level 2 of the Lair of Beasts)
 17158 | Lair:3   | Reached ****** piety under Hepliaklqana
 17422 | Lair:3   | Found a staircase to the Swamp.
 17543 | Lair:3   | Found a shimmering altar of Xom.
 18233 | Lair:3   | Reached skill level 15 in Maces & Flails
 18374 | Lair:4   | Noticed Nessos
 18381 | Lair:4   | Killed Nessos
 18641 | Lair:4   | Found a hole to the Spider Nest.
 18711 | Lair:4   | Noticed Josephine
 18729 | Lair:4   | Killed Josephine
 18730 | Lair:4   | Reached skill level 5 in Dodging
 19152 | Lair:4   | Reached XP level 14. HP: 82/88 MP: 22/22
 19433 | Lair:5   | Identified a +9 rod of shadows (10/10) (You took it off a minotaur in a labyrinth)
 19786 | Lair:5   | Found a dark tunnel.
 19794 | Volcano  | Entered a volcano
 19941 | Lair:5   | Found a staircase to the Slime Pits.
 20416 | Lair:6   | Entered Level 6 of the Lair of Beasts
 20572 | Lair:6   | Reached skill level 16 in Maces & Flails
 22286 | Lair:6   | Got a steaming steel ring
 22298 | Lair:6   | Got an encrusted scale mail
 22380 | Lair:6   | Identified the ring of Foolhardiness {rCorr rF+ MR++ Dex+2} (You found it on level 6 of the Lair of Beasts)
 22384 | Lair:6   | Identified the +2 scale mail of Oblivion {Dex+9} (You found it on level 6 of the Lair of Beasts)
 22686 | Orc:1    | Entered Level 1 of the Orcish Mines
 23309 | Orc:2    | Entered Level 2 of the Orcish Mines
 23618 | Orc:2    | Found a staircase to the Elven Halls.
 24096 | Orc:2    | Gained mutation: You are completely attuned to the shadows. [demonic ancestry]
 24096 | Orc:2    | Reached XP level 15. HP: 85/97 MP: 24/24
 24690 | Orc:2    | Found Boebod's Book Emporium.
 24691 | Orc:2    | Found Ahalofoesa's Book Shoppe.
 24692 | Orc:2    | Found Dis Yxzu's Antique Armour Shoppe.
 24692 | Orc:2    | Found Guwnetei's Weapon Shoppe.
 24698 | Orc:2    | Bought a +4 great mace for 285 gold pieces
 24748 | Elf:1    | Entered Level 1 of the Elven Halls
 24780 | Elf:1    | Reached skill level 17 in Maces & Flails
 24796 | Elf:1    | Reached skill level 10 in Invocations
 26354 | Elf:1    | Noticed Frances
 26385 | Elf:1    | Killed Frances
 26560 | Elf:1    | Killed from afar by a deep elf mage

Vault maps used:
D:1:      lordsloth_arrival_two_stooges, nicolae_ashenzari_panopticon
D:2:      zin_scriptorium, first_bread, uniq_natasha
D:4:      kennysheep_diamond
D:5:      lemuel_coloured_pillars_altar, portal_sewer_entry_d,
          lemuel_blue_sif_altar
D:6:      grunt_temple_overflow_open, nicolae_dithmenos_through_a_glass_darkly,
          uniq_prince_ribbit1
D:7:      old_standard_altar, basic_altar, serial_shops, kennysheep_mini,
          minmay_misc_feat_more_columns, the_bakery, minmay_misc_feat_square,
          minivault_1, lemuel_mausoleum_altar_kikubaaqudgha, uniq_pikel,
          uniq_duvessa
D:8:      lemuel_doored_altar, item_on_display_a, uniq_joseph
D:9:      nemelex_xobeh_ov_fountains_minmay, lair_0_dummy, uniq_grum
D:10:     serial_shops, shop_fountains, uniq_urug, uniq_harold
D:11:     uniq_erica, uniq_erolcha
D:12:     kennysheep_orc_monster_closet_entryway, lab_entry_generic,
          jiyva_altar_1
Lair:1:   uniq_gastronok
Lair:2:   minmay_lair_oklob_items, serial_bayou_shore_a,
          infiniplex_staircase_pool_2
Lair:3:   minmay_swamp_entry_worms, serial_forest, infiniplex_forest_fountain,
          infiniplex_forest_straight_2, infiniplex_forest_lined_3,
          infiniplex_forest_straight_3, infiniplex_forest_clump_tiny,
          infiniplex_forest_end_2, lemuel_oklob_altar
Lair:4:   nicolae_spider_entry_tight_spaces, uniq_josephine, uniq_nessos
Lair:5:   minmay_slime_entry_pillars, nicolae_volcano_entry_hallway,
          st_stairs_4, lemuel_fruit_fields, lemuel_fruit_fields
Lair:6:   gammafunk_lair_ancient_temple
Orc:2:    st_orc_pillars, mines2_lemuel
Elf:1:    hangedman_elven_crosses_minicolossus, hex_intersection,
          serial_sigils_hangedman_gnaw, uniq_frances
Lab:      labyrinth_mini_lab
Volcano:  volcano_tomb

Skill      XL: |  1  2  3  4  5  6  7  8  9 10 11 12 13 14 15 |
---------------+----------------------------------------------+-----
Axes           | 2 |  2.2
Armour         | 3 4 5 6 7 |  7.0
Maces & Flails | 1 2 4 5 6 8 9 11 12 14 15 16 17 | 17.7
Dodging        | 1 2 5 6 |  6.0
Evocations     | 1 2 4 6 8 9 10 11 13 | 13.8
Invocations    | 2 5 7 9 11 | 11.1
Fighting       | 4 5 7 |  7.1
Shields        | |  2.6

Action                   |  1- 3 |  4- 6 |  7- 9 | 10-12 | 13-15 || total
-------------------------+-------+-------+-------+-------+-------++-------
Melee: War axe           |    32 |       |       |       |       ||    32
       Whip              |    45 |   121 |   335 |   522 |   797 ||  1820
       Headbutt          |       |       |    65 |   137 |   252 ||   454
       Great mace        |       |       |       |       |   149 ||   149
Invok: Ancestor Life: Ba |       |       |     1 |       |       ||     1
       Recall Ancestor   |       |       |       |     1 |     1 ||     2
       Idealise          |       |       |       |       |     2 ||     2
Evoke: Wand              |       |       |       |    34 |    14 ||    48
       Box of beasts     |       |       |       |     1 |       ||     1
       Rod               |       |       |       |       |    13 ||    13
  Use: Potion            |     1 |     2 |     2 |     8 |    10 ||    23
       Scroll            |       |       |       |    19 |    10 ||    29
 Stab: Distracted        |       |       |     3 |     5 |    16 ||    24
       Sleeping          |       |       |       |     5 |       ||     5
       Confused          |       |       |       |     6 |     1 ||     7
  Eat: Chunk             |     2 |     7 |    12 |    23 |    36 ||    80
       Royal jelly       |       |       |       |     1 |     1 ||     2
       Fruit             |       |       |       |       |     2 ||     2
Armor: Scale mail        |    35 |    36 |    96 |   108 |       ||   275
       Skin              |       |       |     4 |       |       ||     4
       Chain mail        |       |       |       |    75 |   323 ||   398
Dodge: Dodged            |    31 |    41 |   123 |   162 |   255 ||   612
Block: Other             |       |       |       |       |    68 ||    68
       Reflection        |       |       |       |       |     2 ||     2
